 Dungeon Crawl Stone Soup version 0.26-a0-1086-g9010512d90 (webtiles) character file.

Game seed: 11233217917308729559

6746 jiml777 the Thaumaturge (level 10, -7/50 HPs)
             Began as a Deep Elf Air Elementalist on Dec 15, 2020.
             Was a Believer of Sif Muna.
             Mangled by Snorg (18 damage)
             ... on level 9 of the Dungeon.
             The game lasted 01:27:54 (12322 turns).

jiml777 the Thaumaturge (DEAE)                     Turns: 12322, Time: 01:27:54

Health: -7/50      AC: 12    Str:  5    XL:     10   Next: 75%
Magic:  22/37      EV: 28    Int: 24    God:    Sif Muna [**....]
Gold:   472        SH:  0    Dex: 15    Spells: 10/33 levels left

rFire    + . .     SeeInvis .   g - +6 short sword (speed)
rCold    . . .     Faith    .   (no shield)
rNeg     . . .     Spirit   .   F - +2 robe {rF+}
rPois    +         Reflect  .   k - +2 hat
rElec    .         Harm     .   e - +2 cloak
rCorr    .         Rampage  .   E - +0 pair of gloves
Will     +....                  u - +1 pair of boots
Stlth    ++........             s - amulet of the acrobat
HPRegen  0.16/turn              A - ring of magical power
MPRegen  0.25/turn              n - ring of poison resistance

@: swift, acrobat, quick
A: no striking features
a: Channel Magic, Renounce Religion


You were on level 9 of the Dungeon.
You worshipped Sif Muna.
Sif Muna was pleased with you.
You visited 1 branch of the dungeon, and saw 10 of its levels.
You also visited: Sewer.

You collected 472 gold pieces.

Inventory:

Hand Weapons
 g - a +6 short sword of speed (weapon)
Missiles
 b - 213 arrows
 i - 25 poisoned darts
Armour
 e - a +2 cloak (worn)
 k - a +2 hat (worn)
 u - a +1 pair of boots (worn)
 E - a +0 pair of gloves (worn)
 F - a +2 robe of fire resistance (worn)
Magical Staves
 l - an uncursed staff of poison
Jewellery
 m - an uncursed ring of stealth
 n - a ring of poison resistance (right hand)
 s - an amulet of the acrobat (around neck)
 A - a ring of magical power (left hand)
Wands
 h - a wand of polymorph (16)
 B - a wand of acid (17)
 C - a wand of random effects (20)
Scrolls
 d - 6 scrolls of identify
 f - 7 scrolls of remove curse
 o - a scroll of blinking
 t - a scroll of teleportation
 w - 2 scrolls of fear
 y - 3 scrolls of fog
 z - a scroll of vulnerability
 D - a scroll of magic mapping
Potions
 c - 7 potions of curing
 j - 2 potions of mutation
 p - a potion of flight
 q - 2 potions of might
 r - a potion of heal wounds
 v - a potion of ambrosia
 x - 4 potions of lignification


   Skills:
 * Level 3.0 Short Blades
 + Level 3.1 Dodging
 - Level 3.0 Stealth
 + Level 12.0 Spellcasting
 * Level 6.5 Conjurations
 * Level 4.3 Hexes
 * Level 3.5 Translocations
 * Level 3.3 Ice Magic
 + Level 8.6 Air Magic
 * Level 4.5 Invocations
 * Level 4.4 Evocations


You had 10 spell levels left.
You knew the following spells:

 Your Spells              Type           Power        Failure   Level
a - Shock                 Conj/Air       ####         1%          1
b - Swiftness             Air            ######..     1%          2
c - Static Discharge      Conj/Air       ######..     1%          3
d - Airstrike             Air            ######....   1%          4
e - Lightning Bolt        Conj/Air       ######....   5%          5
f - Gell's Gravitas       Tloc           ####......   3%          3
g - Metabolic Englaciati  Hex/Ice        ####......   24%         5

Your spell library contained the following spells:

 Spells                   Type           Power        Failure   Level
 Confusing Touch          Hex            #####...     2%          3
 Petrify                  Tmut/Erth      ##......     38%         4
 Yara's Violent Unravell  Hex/Tmut       ###.......   43%         5


Dungeon Overview and Level Annotations

Branches:
Dungeon (10/15)            Temple (0/1) D:7             Orc (0/2) D:9
  Sewer (visited)
   Lair: D:8-11

Altars:
Ashenzari
Dithmenos
Elyvilon
Nemelex Xobeh
Okawaru
Ru
Sif Muna
Uskayaw
Zin

Annotations:
D:9 Snorg


Message History

The air twists around and strikes the orc wizard!
You kill the orc wizard!
Sif Muna accepts your kill.
An adder comes into view.
An orc comes into view.
Snorg the Insatiable comes into view.
There is an open door here.
Found a stone staircase leading down.
There is a stone staircase leading up here.
Snorg goes berserk!
You climb upwards.
There is a stone staircase leading down here.
Casting: Airstrike (dangerous; 1% risk of failure)
Confirm with . or Enter, or press ? or * to list all spells.
You feel quick. Snorg closely misses you. Snorg claws you!
Snorg closely misses you. Snorg barely misses you. Snorg claws you! x2
* * * LOW HITPOINT WARNING * * *
Snorg completely misses you. Snorg claws you.
* * * LOW HITPOINT WARNING * * *
Snorg claws you!!
You die...

...###...........##.#......###.##
##.......###.###.##.#.#.#### #.##
######...# #.....##.#.#.# #... #
#...# ########.....# ###. # #...#
###.##########. #...#
#.##....[..#. ######...#########
#............
#...>.........##.####...........#
................@T..............#
#.............##.####...........#
######...######### #...........#
#...# #.##.>....... #...#
#.########### #...# ####.# #...#
######....### ### ##.##
#.......###.## ..#
#.#####.####..##...########


You could see Snorg (berserk).

Vanquished Creatures
  Erica (D:10)
  A two-headed ogre (D:9)
  Pikel (D:5)
  Psyche (D:9)
  A hornet (D:9)
  A wraith (D:9)
  10 yaks (D:9)
  Eustachio (D:6)
  A basilisk (D:10)
  2 black bears
  2 sky beasts (D:9)
  An ogre (D:4)
  5 centaurs
  A big kobold (D:9)
  A bullfrog (Sewer)
  4 scorpions
  A water moccasin skeleton (D:5)
  4 howler monkeys
  A jelly (D:7)
  A bullfrog zombie (D:10)
  12 orc wizards
  3 orc priests
  A hound (D:5)
  A bullfrog skeleton (D:7)
  2 centaur skeletons
  2 iguanas
  6 worker ants
  A hound zombie (D:9)
  A howler monkey zombie (D:5)
  2 worker ant zombies
  6 gnolls
  12 adders
  2 shadow imps
  2 white imps
  2 ufetubi
  13 oozes
  4 adder skeletons
  An adder zombie (D:9)
  5 worms
  2 dart slugs
  10 leopard geckos
  21 orcs
  7 bats
  14 giant cockroaches
  3 hobgoblins (D:1)
  3 jackals
  4 quokkas
  11 ball pythons
  A ball python zombie (D:5)
  16 frilled lizards
  5 goblins
  13 kobolds
  A leopard gecko skeleton (D:4)
  A quokka zombie (D:9)
  6 rats
237 creatures vanquished.

Vanquished Creatures (others)
  2 fungi (D:10)
  2 plants (D:10)
4 creatures vanquished.

Grand Total: 241 creatures vanquished

Notes
Turn   | Place    | Note
-------+----------+-------------------------------------------
     0 | D:1      | jiml777 the Deep Elf Air Elementalist began the quest for
                  | the Orb.
     0 | D:1      | Reached XP level 1. HP: 10/10 MP: 6/6
   314 | D:1      | Reached XP level 2. HP: 15/15 MP: 4/8
   741 | D:1      | Reached XP level 3. HP: 19/19 MP: 6/9
  1181 | D:2      | Reached XP level 4. HP: 7/24 MP: 4/11
  1426 | D:2      | Reached skill level 4 in Spellcasting
  2085 | D:3      | Found a glowing drain.
  2092 | Sewer    | Entered a sewer
  2269 | Sewer    | Reached XP level 5. HP: 28/28 MP: 9/13
  2334 | Sewer    | Learned a level 2 spell: Swiftness
  2338 | Sewer    | Learned a level 3 spell: Static Discharge
  2343 | Sewer    | Learned a level 4 spell: Airstrike
  2903 | Sewer    | Reached skill level 5 in Spellcasting
  3124 | Sewer    | Reached XP level 6. HP: 30/32 MP: 0/16
  3402 | D:3      | Found a white marble altar of Elyvilon.
  3402 | D:3      | Found an iron altar of Okawaru.
  3793 | D:3      | Reached skill level 6 in Spellcasting
  4462 | D:4      | Found a sacrificial altar of Ru.
  4470 | D:4      | Found a glowing silver altar of Zin.
  4622 | D:4      | You fall into a shaft and drop 1 floor!
  4622 | D:5      | Entered Level 5 of the Dungeon
  4622 | D:5      | Found a hide-covered altar of Uskayaw.
  4622 | D:5      | Noticed Pikel
  4629 | D:5      | Killed Pikel
  4630 | D:5      | Reached skill level 8 in Spellcasting
  4630 | D:5      | Reached skill level 5 in Air Magic
  4630 | D:5      | Reached XP level 7. HP: 11/36 MP: 8/20
  5041 | D:5      | Reached XP level 8. HP: 41/41 MP: 17/22
  5104 | D:5      | Found a shimmering blue altar of Sif Muna.
  5115 | D:5      | Became a worshipper of Sif Muna the Loreminder
  5363 | D:5      | Found a sparkling altar of Nemelex Xobeh.
  5564 | D:5      | Reached skill level 9 in Spellcasting
  6007 | D:5      | Reached skill level 1 in Invocations
  6007 | D:5      | Reached skill level 1 in Evocations
  7189 | D:6      | Found a broken altar of Ashenzari.
  7222 | D:6      | Reached * piety under Sif Muna
  7410 | D:6      | Noticed Eustachio
  7415 | D:6      | Killed Eustachio
  8266 | D:7      | Found a shadowy altar of Dithmenos.
  8352 | D:7      | Reached skill level 5 in Conjurations
  8545 | D:7      | Found a staircase to the Ecumenical Temple.
  8591 | D:7      | Reached skill level 10 in Spellcasting
  8942 | D:8      | Reached XP level 9. HP: 45/45 MP: 16/25
  8993 | D:8      | Learned a level 5 spell: Lightning Bolt
  8997 | D:8      | Learned a level 3 spell: Gell's Gravitas
  9003 | D:8      | Learned a level 5 spell: Metabolic Englaciation
  9341 | D:8      | Reached skill level 1 in Hexes
  9784 | D:9      | Reached skill level 1 in Translocations
  9954 | D:9      | Reached ** piety under Sif Muna
  9955 | D:9      | Reached skill level 1 in Ice Magic
 10218 | D:9      | Noticed Psyche
 10225 | D:9      | Killed Psyche
 10226 | D:9      | Reached skill level 1 in Short Blades
 10275 | D:9      | Noticed a two-headed ogre
 10280 | D:9      | Killed a two-headed ogre
 10281 | D:9      | Reached skill level 11 in Spellcasting
 10604 | D:9      | Reached XP level 10. HP: 50/50 MP: 1/27
 11293 | D:9      | Found a staircase to the Orcish Mines.
 11593 | D:10     | Entered Level 10 of the Dungeon
 12068 | D:10     | Noticed Erica
 12075 | D:10     | Killed Erica
 12076 | D:10     | Reached skill level 12 in Spellcasting
 12299 | D:10     | Noticed an elephant
 12305 | D:10     | Noticed Snorg
 12322 | D:9      | Mangled by Snorg

Illustrated notes

Levels and vault maps discovered:
D:1:      elethiomel_arrival_infinity_welcomes_careful_drivers,
          layout_loops_cross, nrook_loot_triangle, minmay_misc_feat_tower
D:2:      layout_basic
D:3:      layout_loops_cross, gammafunk_temple_overflow_elements,
          cheibrodos_sewer_entry_drain, chequers_serial_rivers_small_a
D:4:      layout_loops_corners, minitemple
D:5:      layout_basic, lemuel_doored_altar, nemelex_xobeh_ov_fountains_minmay,
          eat_drink_and_be_merry_uskayaw, uniq_pikel
D:6:      layout_basic, kennysheep_mini, kennysheep_generic_room_3,
          uniq_eustachio
D:7:      layout_rooms, overflow_temple_1_default,
          minmay_temple_entry_stoned_glass, kennysheep_small_circle
D:8:      layout_cave_pools
D:9:      layout_loops_cross, orc_0_dummy, hangedman_decor_growths, uniq_psyche
D:10:     layout_basic, david_lair_generic, nicolae_trove_entry_columns,
          uniq_snorg, uniq_erica

Skill      XL: |  1  2  3  4  5  6  7  8  9 10 |
---------------+-------------------------------+-----
Conjurations   | 2 3 5 6 |  6.5
Spellcasting   | 4 5 8 10 11 12 | 12.0
Stealth        | 3 |  3.0
Air Magic      | 4 5 6 7 8 |  8.6
Dodging        | 3 |  3.1
Invocations    | 2 3 4 |  4.5
Evocations     | 2 3 4 |  4.4
Hexes          | 3 4 |  4.3
Translocations | 2 3 |  3.5
Ice Magic      | 2 3 |  3.3
Short Blades   | 2 3 |  3.0

Action                   |  1- 3 |  4- 6 |  7- 9 | 10-12 || total
-------------------------+-------+-------+-------+-------++-------
 Cast: Shock             |    52 |   162 |    31 |     3 ||   248
       Airstrike         |       |    21 |   123 |    34 ||   178
       Lightning Bolt    |       |       |     1 |    11 ||    12
       Swiftness         |       |       |       |     1 ||     1
  Use: Scroll            |       |    14 |    15 |       ||    29
       Potion            |       |     2 |     1 |       ||     3
Armor: Robe              |     6 |     9 |     4 |     7 ||    26
Dodge: Dodged            |    11 |    25 |    12 |     9 ||    57

Table legend: (Time is in decaauts)
 A = Elapsed time spent in this place.
 B = Non-inter-level travel time spent in this place.
 C = Inter-level travel time spent in this place.
 D = Time resting spent in this place.
 E = Time spent auto-exploring this place.
 F = Levels seen in this place.
 G = Mean time per level.
                   A        B        C        D        E       F      G
               +--------+--------+--------+--------+--------+-----+--------+
         Total |  12373 |  12144 |    229 |   5908 |   4453 |  11 | 1124.8 |
       Dungeon |  11153 |  10924 |    229 |   5116 |   4326 |  10 | 1115.3 |
         Sewer |   1220 |   1220 |      0 |    792 |    127 |   1 | 1220.0 |
               +--------+--------+--------+--------+--------+-----+--------+

Top non-repeatable levels by time:
     D:9: 1871 daAuts
     D:5: 1618 daAuts
     D:6: 1295 daAuts
   Sewer: 1220 daAuts
     D:1: 1169 daAuts
     D:4: 1039 daAuts
     D:3: 1018 daAuts
     D:8: 845 daAuts
     D:2: 825 daAuts
     D:7: 750 daAuts
    D:10: 718 daAuts
